Cogmind - Beta 17 @@@ ROGUE MODE // 2026.06.28 @ 13:10:23 Player: winnking222 Result: Self-destructed Performance ------------- Evolutions (0) 0 Regions Visited (4) 800 Robots Destroyed (26) 130 Value Destroyed (500) 500 Prototype IDs (24) 480 Alien Tech Used (0) 0 Bonus (5335) 5335 TOTAL SCORE: 7245 Bonus ------- Follower Combat Kills 35 Prayed to X0-1V1 5000 Aligned with FarCom 300 Cogmind --------- Core Integrity 16/250 Matter 280/300 Energy 1065/1065 System Corruption 2% Temperature Cool (0) Movement Treading (240) Ox1 Location -9/Mines Parts ------- > --- POWER (1) -------- Improved Ion Engine (fused) > --- PROPULSION (2) --- Light Treads Light Treads > --- UTILITY (3) ------ High-capacity Storage Unit X0-1V1's Piety Tracker > --- WEAPON (2) ------- Autogun Autogun > --- INVENTORY (20) --- Improved Ion Engine Improved Ion Engine Fission Core Light Fission Core Light Treads Wheel Wheel Small Storage Unit High-capacity Matter Pod (200) Seismic Detector 0b10 Alert Chip Autogun Autogun AWS/Gauss Rocket Launcher Plasma Cutter Mining Claw Peak State ------------ > --- POWER ------------ Improved Ion Engine > --- PROPULSION ------- Light Treads Light Treads > --- UTILITY ---------- High-capacity Storage Unit X0-1V1's Piety Tracker > --- WEAPON ----------- Autogun Autogun > --- INVENTORY -------- Improved Ion Engine Improved Ion Engine Fission Core Light Fission Core Light Treads Wheel Wheel Small Storage Unit Seismic Detector 0b10 Alert Chip Autogun Autogun AWS/Gauss Rocket Launcher Plasma Cutter Mining Claw [Rating: 27] Favorites ----------- Power Improved Ion Engine Engine Improved Ion Engine Propulsion Light Treads Treads Light Treads Utility High-capacity Storage Unit Device Seismic Detector Storage High-capacity Storage Unit Weapon Assault Rifle Energy Gun Small Laser Ballistic Gun Assault Rifle Slashing Weapon Mining Claw Build | -11 -10 -10 -10 -9 ------- Run | Yrd Mat Min Exi Min Slots Evolved . | . . . . . Power . | . . . . . Propulsion . | . . . . . Utility . | . . . . . Weapon . | . . . . . Parts Attached 21 | 7 12 2 . . Power 3 | 1 1 1 . . Engine 3 | 1 1 1 . . Core . | . . . . . Reactor . | . . . . . Propulsion 4 | 2 1 1 . . Treads 4 | 2 1 1 . . Leg . | . . . . . Wheel . | . . . . . Hover . | . . . . . Flight . | . . . . . Utility 5 | 2 3 . . . Device 3 | 1 2 . . . Storage 2 | 1 1 . . . Processor . | . . . . . Hackware . | . . . . . Protection . | . . . . . Artifact . | . . . . . Weapon 9 | 2 7 . . . Energy Gun 1 | 1 . . . . Energy Cannon . | . . . . . Ballistic Gun 7 | 1 6 . . . Ballistic Cannon . | . . . . . Launcher . | . . . . . Special Weapon . | . . . . . Impact Weapon . | . . . . . Slashing Weapon 1 | . 1 . . . Piercing Weapon . | . . . . . Special Melee Weapon . | . . . . . Unidentified Prototypes 1 | . 1 . . . Parts Lost 4 | . 2 2 . . Power 1 | . . 1 . . Propulsion 2 | . 1 1 . . Utility 1 | . 1 . . . Weapon . | . . . . . Highest Loss Streak 2 | . 2 2 . . To Critical Strikes . | . . . . . Average Backups 13 | 5 12 15 18 17 Power 2 | . 2 2 3 4 Propulsion 2 | 3 2 3 3 3 Utility 2 | . 1 2 2 4 Weapon 5 | 1 4 7 8 5 Tool/Special . | . . . . . Unused Backups 20 | . 4 . 2 14 Power 5 | . 1 . . 4 Propulsion 5 | . 2 . . 3 Utility 3 | . . . . 3 Weapon 6 | . 1 . 2 3 Tool/Special 1 | . . . . 1 Average Slot Usage (%) 95 | . 99 98 77 94 Engine 13 | . 14 13 14 13 Treads 27 | . 28 27 28 26 Device 13 | . 13 14 14 13 Storage 13 | . 14 14 14 13 Ballistic Gun 23 | . 26 28 6 26 Peak Build Rating 27 | 7 24 24 27 27 Average Rating 14 | 5 9 23 22 27 On Entrance 16 | . 7 24 24 27 Avg Prop Armor Cover (%) . | . . . . . Naked Turns . | . . . . . Heaviest Build 54 | 12 54 54 54 54 Greatest Support 40 | 40 40 40 40 40 Greatest Overweight (x) 1 | . 1 1 1 1 Average Overweight (x) . | . . 1 1 1 Largest Inventory Capacity 20 | 8 20 20 20 20 Average Capacity 18 | 7 19 20 20 20 Most Carried 20 | 7 19 17 20 18 Average Carried 13 | 5 12 15 19 18 Final Capacity 20 | 8 20 20 20 20 Final Carried 18 | 7 17 16 18 18 Class Distribution -------------------- 100% | Mutant Dominant Class ---------------- Mutant | -10/Materials Mutant | -10/Mines Mutant | -10/Exiles Mutant | -9/Mines Resources | -11 -10 -10 -10 -9 ----------- Run | Yrd Mat Min Exi Min Matter Collected 965 | 312 455 32 166 . Remotely . | . . . . . Salvage Created 765 | 127 606 32 . . Parts 60 | 12 45 3 . . Haulers Intercepted 2 | . 2 . . . Recyclers Shooed . | . . . . . Parts Field Recycled . | . . . . . Retrieved Matter . | . . . . . Parts Self-Destructed . | . . . . . Prevented . | . . . . . Parts Restored . | . . . . . Kills | -11 -10 -10 -10 -9 ------- Run | Yrd Mat Min Exi Min Combat Hostiles Destroyed 17 | . 16 1 . . Guns 17 | . 16 1 . . Classes Destroyed 8 | 3 5 . . . Worker 1 | 1 . . . . Builder 1 | . 1 . . . Tunneler 3 | 3 . . . . Hauler 2 | . 2 . . . Recycler 1 | 1 . . . . Watcher 1 | . 1 . . . Swarmer 6 | . 6 . . . Grunt 11 | . 10 1 . . Best Kill Streak 5 | 3 5 1 . . Combat Bots Only 5 | . 5 1 . . Max Kills in Single Turn 2 | 1 2 1 . . Gunslinging 1 | . 1 . . . Exploded . | . . . . . Melee . | . . . . . Uniques/NPCs Destroyed . | . . . . . Combat | -11 -10 -10 -10 -9 -------- Run | Yrd Mat Min Exi Min Hostile Shots Fired 128 | . 103 20 . 5 Missed 38 | . 34 4 . . Hits 90 | . 69 16 . 5 Melee 2 | . . . . 2 Projectile 88 | . 69 16 . 3 Damage Taken 1079 | . 748 232 . 99 Core 234 | . 157 77 . . Absorbed by Shields . | . . . . . Core Remaining (%) 100 | 100 . . . . Volleys Fired 86 | 14 63 8 1 . Largest 2 | 2 2 2 2 . Hottest 60 | 60 60 46 46 . Shots Fired 172 | 28 126 16 2 . Gun 172 | 28 126 16 2 . Cannon . | . . . . . Launcher . | . . . . . Special . | . . . . . Kinetic 151 | 14 119 16 2 . Thermal 21 | 14 7 . . . Explosive . | . . . . . Electromagnetic . | . . . . . Robot Hit Streak 9 | 3 7 9 . . Robot Miss Streak 4 | 3 4 3 . . Penetration Max . | . . . . . Secondary Targets 3 | . 3 . . . Max Gunslinging Chain 1 | . 1 . . . Shots Hit Robots 92 | 13 66 13 . . Core Hits 39 | 6 31 2 . . Critical Kills . | . . . . . Critical Parts Destroyed 1 | 1 . . . . Critical Strikes 1 | 1 . . . . Destroy 1 | 1 . . . . Melee Attacks 2 | . 2 . . . Impact . | . . . . . Slashing 2 | . 2 . . . Piercing . | . . . . . Sneak Attacks 1 | . 1 . . . Combat Hostiles . | . . . . . Follow-up Attacks . | . . . . . Damage Inflicted 1338 | 169 979 190 . . Guns 1281 | 169 922 190 . . Cannons . | . . . . . Explosions . | . . . . . Melee 48 | . 48 . . . Ramming 9 | . 9 . . . Kinetic 1111 | 56 865 190 . . Thermal 170 | 113 57 . . . Explosive . | . . . . . Electromagnetic . | . . . . . Impact . | . . . . . Slashing 48 | . 48 . . . Piercing . | . . . . . Highest Corruption 2 | . 2 2 2 2 Average Corruption 2 | . 2 2 2 2 Corruption Purged . | . . . . . Corruption Blocked . | . . . . . Effects 16 | . . 4 11 1 Message Errors 2 | . . . 2 . Matter Fused 9 | . . 4 4 1 Heat Flow Errors 3 | . . . 3 . Parts Fused 1 | . . . 1 . Data Loss (major) 1 | . . . 1 . Overload Shots . | . . . . . Overflow Damage 28 | . 28 . . . Projectiles . | . . . . . Explosions . | . . . . . Melee 28 | . 28 . . . Knockbacks . | . . . . . Impact . | . . . . . Kinetic . | . . . . . Secondary . | . . . . . Self-Inflicted Damage . | . . . . . Shots . | . . . . . Rammed 4 | . 4 . . . Targets Rammed 4 | . 4 . . . Kicked . | . . . . . Crushed . | . . . . . Highest Temperature 263 | . 50 60 263 . Average Temperature 61 | . 18 33 118 . Received Heat Transfer 447 | . 306 123 . 18 Siege Activations . | . . . . . Martial Activations . | . . . . . Shielding Activations . | . . . . . Robots Disrupted . | . . . . . Combat Hostiles . | . . . . . Robots Corrupted . | . . . . . Combat Hostiles . | . . . . . Parts Fried . | . . . . . Impact Corruptions . | . . . . . Robots Melted . | . . . . . Combat Hostiles . | . . . . . Parts Melted 1 | . 1 . . . Heat Transferred 375 | 250 125 . . . Parts Sabotaged . | . . . . . Parts Stolen . | . . . . . Parts Stripped . | . . . . . Power Chain Reactions . | . . . . . Alert | -11 -10 -10 -10 -9 ------- Run | Yrd Mat Min Exi Min Maximum Alert Level . | . . . . . Low Security (%) 100 | 100 100 100 . 100 Level 1 . | . . . . . Level 2 . | . . . . . Level 3 . | . . . . . Level 4 . | . . . . . Level 5 . | . . . . . High Security . | . . . . . Max Security . | . . . . . Peak Influence 160 | 15 160 45 . . Initial 15 | . . 15 . . Average 28 | 2 36 5 . . Influence Increases 507 | 25 427 55 . . Destroy 0b10 Robot/C 360 | . 320 40 . . Destroy 0b10 Robot/NC 45 | 25 20 . . . Destroy Leader 86 | . 76 10 . . Allied During Kill 5 | . . 5 . . Successful Hack 9 | . 9 . . . Destroy Structure 2 | . 2 . . . Influence Decreases 507 | 25 386 96 . . Entered New Map 26 | . . 26 . . Time Decay 463 | 25 383 55 . . Lost Part 18 | . 3 15 . . Squads Dispatched 4 | . 4 . . . Investigation 1 | . 1 . . . Extermination . | . . . . . Reinforcement 3 | . 3 . . . Assault . | . . . . . Garrison . | . . . . . Intercept . | . . . . . Searches Triggered . | . . . . . Construction Impeded . | . . . . . Haulers Reinforced . | . . . . . Active Scanning Responses . | . . . . . Cargo Convoy Interrupts . | . . . . . Stealth | -11 -10 -10 -10 -9 --------- Run | Yrd Mat Min Exi Min Distress Signals 1 | . 1 . . . Communications Jammed . | . . . . . Distress Signals . | . . . . . Times Spotted 39 | . 29 2 2 6 Peak Tracking Total 9 | . 6 2 9 5 Tactical Retreats . | . . . . . Traps | -11 -10 -10 -10 -9 ------- Run | Yrd Mat Min Exi Min Traps Triggered 1 | . 1 . . . Indirectly . | . . . . . Trap Hack Attempts . | . . . . . Triggered . | . . . . . Disarmed . | . . . . . Reprogrammed . | . . . . . Reused . | . . . . . Traps Extracted . | . . . . . Installed . | . . . . . Triggered . | . . . . . Machines | -11 -10 -10 -10 -9 ---------- Run | Yrd Mat Min Exi Min Machines Disabled 2 | . 1 . 1 . Max in Single Turn 1 | . 1 . 1 . Machines Repaired . | . . . . . Machines Dismantled . | . . . . . Machines Sabotaged . | . . . . . Overloaded Fab Kills . | . . . . . Hacking | -11 -10 -10 -10 -9 --------- Run | Yrd Mat Min Exi Min Machines Accessed 7 | . 5 . 2 . Terminals 5 | . 5 . . . Fabricators . | . . . . . Repair Stations . | . . . . . Recycling Units . | . . . . . Scanalyzers . | . . . . . Garrison Access . | . . . . . Total Hacks 22 | . 17 . 5 . Successful 15 | . 10 . 5 . Failed 7 | . 7 . . . Catastrophic . | . . . . . Database Lockouts . | . . . . . Manual 18 | . 17 . 1 . Terminals 17 | . 17 . . . Fabricators . | . . . . . Repair Stations . | . . . . . Recycling Units . | . . . . . Scanalyzers . | . . . . . Garrison Access . | . . . . . Terminal Hacks 5 | . . . 5 . Record 4 | . . . 4 . Proto ID Catalog 1 | . . . 1 . Fabricator Hacks . | . . . . . Repair Station Hacks . | . . . . . Recycling Unit Hacks . | . . . . . Scanalyzer . | . . . . . Garrison Access Hacks . | . . . . . Unauthorized Hacks 10 | . 10 . . . Terminals 10 | . 10 . . . Botnet 5 | . 5 . . . Skim 5 | . 5 . . . Fabricators . | . . . . . Repair Stations . | . . . . . Recycling Units . | . . . . . Scanalyzers . | . . . . . Garrison Access . | . . . . . Data Cores Recovered . | . . . . . Used . | . . . . . Hacking Detections 5 | . 5 . . . Full Trace Events . | . . . . . Feedback Events . | . . . . . Feedback Blocked . | . . . . . Robot Schematics Acquired . | . . . . . Robots Built . | . . . . . Authchips . | . . . . . Time . | . . . . . Total Robot Build Rating . | . . . . . Part Schematics Acquired . | . . . . . Parts Built . | . . . . . Authchips . | . . . . . Time . | . . . . . Total Part Build Rating . | . . . . . Part Studies Acquired . | . . . . . Parts Repaired . | . . . . . Time . | . . . . . Parts Recycled . | . . . . . Recycled Matter . | . . . . . Retrieved Matter . | . . . . . Retrieved Components . | . . . . . Parts Scanalyzed . | . . . . . Part Schematics Acquired . | . . . . . Parts Damaged . | . . . . . Bothacking | -11 -10 -10 -10 -9 ------------ Run | Yrd Mat Min Exi Min Used RIF Installer . | . . . . . Robots Hacked . | . . . . . Non-combat . | . . . . . Combat . | . . . . . Robot Hacks Applied . | . . . . . Relay Couplers Released . | . . . . . Fabnet Peak Effective % . | . . . . . Robots Rewired . | . . . . . Allies Hacked . | . . . . . Hacks Repelled . | . . . . . Allies | -11 -10 -10 -10 -9 -------- Run | Yrd Mat Min Exi Min Total Allies 2 | . . 2 . . Largest Group 2 | . . 2 2 . Highest-Rated Group 10 | . . 10 10 . Highest-Rated Ally 5 | . . 5 5 . Total Orders . | . . . . . Ally Attacks 22 | . . 14 8 . Total Damage 110 | . . 89 21 . Kills 1 | . . 1 . . Allies Corrupted . | . . . . . Allies Melted . | . . . . . X0-1V1 Amusement Gains 119 | . 19 . 60 40 Good Acts 4 | . . 3 . 1 Bad Acts 1 | . 1 . . . Intel | -11 -10 -10 -10 -9 ------- Run | Yrd Mat Min Exi Min Active Infowar (turns) 2000 | 87 1913 . . . Seismic 2000 | 87 1913 . . . Robot Analysis Total . | . . . . . Derelict Logs Recovered 1 | . . 1 . . Drone Launches . | . . . . . Drone Recoveries . | . . . . . Exploration | -11 -10 -10 -10 -9 ------------- Run | Yrd Mat Min Exi Min Turns Passed 3405 | 185 2119 473 582 46 Spaces Moved 1198 | 83 672 186 238 19 Core 9 | 9 . . . . Treads 1189 | 74 672 186 238 19 Legs . | . . . . . Wheels . | . . . . . Hover . | . . . . . Flight . | . . . . . Fastest Speed 50 | 50 160 240 240 240 Average Speed 228 | 148 231 240 240 240 Slowest Speed 240 | 160 240 240 240 240 Overloaded Moves . | . . . . . Propulsion Burnouts . | . . . . . Robots Hopped . | . . . . . Potential Cave-ins . | . . . . . Cave-ins Triggered . | . . . . . Exploration Rate (%) 44 | 6 93 50 59 14 Regions Visited 4 Branch Regions 3 Pre-discovered Areas 3 | . 1 1 1 . Known Exits Taken . | . . . . . Unknown Exits Taken 4 | 1 1 1 1 . Scrap Searched . | . . . . . Spaces Dug . | . . . . . Terrain Destroyed . | . . . . . Melee . | . . . . . Projectile . | . . . . . AOE . | . . . . . Terrain Rammed . | . . . . . Walls Destroyed . | . . . . . Machines Disabled . | . . . . . Actions | -11 -10 -10 -10 -9 --------- Run | Yrd Mat Min Exi Min Total 1693 | 117 1105 201 251 19 Wait 328 | . 323 5 . . Move 1194 | 82 671 185 237 19 Hop . | . . . . . Pick Up 40 | 14 20 1 5 . Fast Attach 1 | . 1 . . . Attach 14 | 7 3 2 2 . Detach 2 | . . . 2 . Swap 9 | . 9 . . . Drop 13 | . 9 . 4 . Fire 86 | 14 63 8 1 . Melee 2 | . 2 . . . Ram . | . . . . . Kick . | . . . . . Crush 4 | . 4 . . . Escape Stasis . | . . . . . Rewire . | . . . . . Trap . | . . . . . Miscellaneous . | . . . . . Route ------- -11/Scrapyard -10/Materials (discovered 5 exits: *Mat x3 / [*Min] / *Sub) -10/Mines (discovered 4 exits: Mat x2 / *Exi / Sub) -10/Exiles -9/Mines History --------- Turn | Location | Event 37 | -11/Scrapyard | Discovered new exit (range 15) 186 | -11/Scrapyard | Entered Materials 316 | -10/Materials | Build established: Mutant 449 | -10/Materials | Discovered new exit (range 4) 857 | -10/Materials | Discovered new exit (range 5) 1003 | -10/Materials | Discovered new exit (range 6) 1592 | -10/Materials | Discovered new exit (range 15) 1875 | -10/Materials | Discovered new exit (range 4) 1918 | -10/Materials | Learned 2 Mines zone layouts 1953 | -10/Materials | Learned location of 2 exits from Subcaves 1990 | -10/Materials | Learned Storage stockpile data 1994 | -10/Materials | Learned Storage garrison access intel 1996 | -10/Materials | Learned location of Mines (-9) 2006 | -10/Materials | Learned location of 2 exits from Mines 2099 | -10/Materials | Prayed at D.C.S.S. Altar Unit 2167 | -10/Materials | Core integrity fell below 50% 2305 | -10/Materials | Entered Mines 2306 | -10/Mines | Identified exit to Materials 2306 | -10/Mines | Identified exit to Subcaves 2315 | -10/Mines | X0-1V1 sent allied S-10 Pest (x2) 2318 | -10/Mines | Core integrity fell below 20% 2362 | -10/Mines | Learned location of Storage (-8) 2621 | -10/Mines | Received a Rocket Launcher from a helpful Derelict 2766 | -10/Mines | Deemed a non-threat by the Exiles lab entrance 2769 | -10/Mines | Discovered new exit (range 5) 2778 | -10/Mines | Entered Exiles 2778 | -10/Exiles | Accompanied by 2 allies 2841 | -10/Exiles | Met 8R-AWN 2882 | -10/Exiles | Met EX-HEX 2947 | -10/Exiles | Met EX-BIN 2973 | -10/Exiles | Aligned with FarCom system 2976 | -10/Exiles | Given EX-Vault access code 3031 | -10/Exiles | Opened EX-Vault 3051 | -10/Exiles | Found AWS/Gauss 3055 | -10/Exiles | Found 0b10 Alert Chip 3107 | -10/Exiles | Warned to stay clear of 0b10 Research branches 3191 | -10/Exiles | Learned location of Zion (-7) 3317 | -10/Exiles | Attacked by the Exiles 3333 | -10/Exiles | Discovered new exit (range 14) 3360 | -10/Exiles | Stole two prototypes: 0b10 Alert Chip, AWS/Gauss 3360 | -10/Exiles | Entered Mines 3381 | -9/Mines | Assembled infested the area 3387 | -9/Mines | Utility slot count permanently improved by X0-1V1 (+1) 3406 | -9/Mines | Self-destructed Last Messages --------------- GOAL=ESCAPE 03361_ K-01 Serf collects debris. 03364_ K-01 Serf cleans the Seismic Survey Station. 03367_ K-01 Serf collects debris. 03367_ K-01 Serf cleans the Seismic Survey Station. 03371_ K-01 Serf collects debris. 03376_ System corrupted: Matter fused (-7). 03381_ ALERT: Infestation in the mines, dispatching Demolisher response squad. 03381_ X0-1V1 thinks this is hilarious! 03385_ K-01 Serf collects debris. 03387_ X0-1V1: "If I've learned anything from roguelikes, it's that more appendages equals more fun." (permanent +1 Utility slot) 03389_ K-01 Serf collects debris. 03401_ C-45 Heavy ARC bursts open, deploying its payload. 03402_ K-01 Serf collects debris. Map ----- +----------------------------------------------------+ | ????????????????????????????????????????????????? | | ????????????????????????????????????????????????? | | ??????????????????????????????????? ????????????? | | ??????????????????????????????????? ????????????? | | ???????????????????????????????????# ???????????? | | ???????????????????????????????????# ???????????? | | ???????????????????????????????????# ???????????? | | ?????????????????????????????????### ####???????? | | ?????????????????????????????????# #???????? | | ?????????????????????????????????# #???????? | | ?????????????????????????????????# """#???????? | | ?????????????????????????????????# """#???????? | | ?????????????????????????????????# """#???????? | | ?????????????????????????????????# #???????? | | ?????????????????????????????????# #???????? | | ?????????????????????????????????# #???????? | | ???????????????????????????##????#### ##???????? | | ??????????????????????????? #??????# #????????? | | ???????????????????????????# #??????# ##???????? | | ???????????????????????????# #????### ######??? | | ??????????? ?????????????# #???## ##?? | | ??????????# ???????????# #???# #?? | | ???????????# ########?# #???# #### #?? | | ???????????????t #?# #??## ##???# ##?? | | ??????????????????? #?# #??# #?????###??? | | ??????????????????????# @###%#### #??????????? | | ??????????????????????# lk " ##??????????? | | ??????????????????????# g #???????????? | | ??????????????????????## ###### #???????????? | | ???????????????????????# #????# #???????????? | | ???????????????????????# ????# #???????????? | | ??????????????????????? ????# ??????????? | | ??????????????????????? ????# ????????? | | ?????????????????????? ????# #####???????? | | ?????????????????????? ????## #???????????? | | ?????????????????????? ?????### #???????????? | | ????????????????????? ???????? #???????????? | | ????????????????????? #???????? ???????????? | | ????????????????????? ##????????? ???????????? | | ???????????????????? #???????????####??????????? | | ?????????????????????#??????????????????????????? | | ????????????????????????????????????????????????? | | ????????????????????????????????????????????????? | | ????????????????????????????????????????????????? | | ????????????????????????????????????????????????? | | ????????????????????????????????????????????????? | | ????????????????????????????????????????????????? | | ????????????????????????????????????????????????? | | ????????????????????????????????????????????????? | | ????????????????????????????????????????????????? | +----------------------------------------------------+ Best States ------------- Heat Dissipation 25 Energy Generation 22 Energy Capacity 1065 Matter Stores 300 Matter Capacity 300 Sight Range 16 Terrain Scan Density 10 Evasion (%) 50 Recoil Reduction 2 Item Schematics ----------------- None Robot Schematics ------------------ None Fabricated ------------ Nothing Repaired ---------- Nothing Studied --------- None Alien Tech Used ----------------- None Achievements -------------- None Challenges ------------ None Game ------ Seed ImprinterLegNanoactuators Manual? 0 Play Time 00:16:59 Cumulative 200.1 hours Start 2026.06.28 @ 11:47:48 End 2026.06.28 @ 13:10:23 Sessions 1 Manual Loads 0 Difficulty Rogue Special Mode None Game No. 284 Rogue 284 Adventurer 0 Explorer 0 Win Type - Total 3 Types 2/0/0/1/0/0/0/0/0/0 Lore% 74 Gallery% 69 Achievement% 56 Wizard Run 0 Options --------- Layout 1 ASCII 0 Keyboard 0 Movement Mouse Keybinds 0 Fullscreen 1 Font 24/Smallcaps Map View 50x35 Zoom Use 0% Tactical HUD 1 Map Filters NONE Filters NONE Steam 1 RUN: eb9c243b-9199-4885-bf9e-342393ebc041